 Dungeon Crawl Stone Soup version 0.31-a0-66-ge618eeaa78 (webtiles) character file.

Game seed: 2762952432867266594

1311 lunkers the Slicer (level 9, -8/74 HPs)
             Began as a Meteoran Wanderer on May 22, 2023.
             Mangled by Joseph
             ... wielding a +0 quarterstaff
              (15 damage)
             ... on level 7 of the Dungeon.
             The game lasted 00:08:38 (2855 turns).

lunkers the Slicer (Meteoran Wanderer)              Turns: 2855, Time: 00:08:39

Health: -8/74      AC: 10    Str: 22    XL:     9   Next: 12%
Magic:  0/10       EV: 10    Int: 12    God:
Gold:   282        SH:  4    Dex: 12    Spells: 8/8 levels left

rFire   + . .        a - +1 short sword (elec)
rCold   . . .        c - +0 buckler
rNeg    . . .        e - +2 scale mail
rPois   .            (no helmet)
rElec   .            (no cloak)
rCorr   .            (no gloves)
SInv    +            n - +0 pair of boots
Will    ++...        C - amulet of guardian spirit Stlth
                     r - ring of protection from fire
HPRegen 0.32/turn    w - ring of see invisible
MPRegen 0.12/turn

%: guardian spirit
@: brilliant, enlightened, flying, glowing, invisible (but backlit and visible)
(expiring)
A: sense surroundings 2, otherworldly, glowing, explore regen
a: no special abilities


You were on level 7 of the Dungeon.
You visited 1 branch of the dungeon, and saw 7 of its levels.

You collected 282 gold pieces.

Inventory:

Hand Weapons
 a - a +1 short sword of electrocution (weapon)
 x - a +0 dagger of venom
 B - the +5 sling of Eternal Vigilance {antimagic, Will+}
   (You found it on level 5 of the Dungeon)

   Will:      It increases your willpower.
Armour
 c - a +0 buckler (worn)
 e - a +2 scale mail (worn)
 n - a +0 pair of boots (worn)
Magical Staves
 f - a staff of death
Jewellery
 i - an amulet of faith
 r - a ring of protection from fire (left hand)
 w - a ring of see invisible (right hand)
 C - an amulet of guardian spirit (around neck)
Wands
 D - a wand of flame (14)
 E - a wand of paralysis (8)
Scrolls
 d - a scroll of enchant weapon {unknown}
 h - a scroll of vulnerability {unknown}
 l - 2 scrolls of brand weapon {unknown}
 m - 2 scrolls of blinking {unknown}
 o - a scroll of fear {unknown}
 p - a scroll of amnesia {unknown}
 s - 3 scrolls of identify {unknown}
 t - 4 scrolls of teleportation {unknown}
 u - 2 scrolls of immolation {unknown}
 v - a scroll of poison {unknown}
 y - a scroll of magic mapping {unknown}
Potions
 b - 2 potions of attraction
 g - a potion of enlightenment
 j - 2 potions of magic
 k - a potion of curing
 q - a potion of invisibility
 z - 2 potions of brilliance
 A - a potion of haste {unknown}


   Skills:
 + Level 5.2 Fighting
 * Level 8.5 Short Blades
 - Level 3.8 Maces & Flails
 + Level 4.3 Armour
 + Level 3.2 Dodging
 - Level 1.0 Stealth
 - Level 3.6 Shields


You had 8 spell levels left.
You didn't know any spells.
Your spell library contained the following spells:

 Spells                   Type           Power      Damage    Failure   Level
 Magic Dart               Conj           0%         1d3       71%         1
 Sandblast                Erth           0%         2d4       71%         1
 Call Imp                 Summ           0%         N/A       83%         2
 Passwall                 Tmut/Erth      0%         N/A       83%         2
 Mephitic Cloud           Conj/Pois/Air  0%         N/A       97%         3
 Stone Arrow              Conj/Erth      0%         3d7       97%         3


Dungeon Overview and Level Annotations

Branches:
Dungeon (7/15) Zot: 1400
 Temple: D:4-7

Altars:
Kikubaaqudgha

Shops:
D:5 *

Annotations:
D:7 Joseph


Innate Abilities, Weirdness & Mutations

You passively map the area around you.
You are easily found by Zot.
You glow in the dark.
You regain HP and MP as you explore.


Message History

* * * LOW MAGIC WARNING * * *
* * * LOW HITPOINT WARNING * * *
The orc hits you with a +0 club.
* * * LOW MAGIC WARNING * * *
* * * LOW HITPOINT WARNING * * *
Unknown command.
Unknown command.
You feel better. Joseph barely misses you. The orc hits you with a +0 club.
* * * LOW HITPOINT WARNING * * *
You barely miss Joseph.
Joseph is moderately wounded.
You flicker for a moment.
You hit Joseph but do no damage.
Joseph is moderately wounded.
Joseph hits you with a +0 quarterstaff.
* * * LOW MAGIC WARNING * * *
The orc hits you but does no damage.
Unknown command.
Unknown command.
Okay, then.
You hit Joseph.
Joseph is moderately wounded.
You block Joseph's attack. You block the orc's attack.
You hit Joseph but do no damage. Lightning courses through Joseph!
Joseph is heavily wounded.
You hit Joseph.
Joseph is heavily wounded.
Joseph hits you with a +0 quarterstaff.
* * * LOW HITPOINT WARNING * * *
The orc barely misses you.
You barely miss Joseph.
Joseph is heavily wounded.
Joseph closely misses you. The orc barely misses you.
You barely miss Joseph.
Joseph is heavily wounded.
You hit Joseph but do no damage.
Joseph is heavily wounded.
Joseph hits you with a +0 quarterstaff!
* * * LOW MAGIC WARNING * * *
You die...

##########...# ..#####'##...
#........#'### ##.....#...
#........#..#* #......#...
#........#..#######.....#...
#........#..##...##.....#...
######........#..............#...
..............#..............#...
.#............##.####.########)..
.+....######'###@########........
.#....'@...#...o@.......'........
##....#...)'...#........#........
......######...#........#........
...........#...#........#........
...........##############........
............. ,, , ....####.<.
............. ,, .....+ #...
####+#....... , , .....# #...


You could see Joseph and an orc.

Vanquished Creatures
  A water moccasin (D:5)
  An ice beast (D:5)
  An orc warrior (D:7)
  A sky beast (D:6)
  A centaur (D:6)
  2 phantoms
  A kobold brigand (D:6)
  A bullfrog (D:3)
  A scorpion (D:5)
  A jelly (D:6)
  2 orc priests
  2 hounds
  An iguana (D:6)
  A gnoll bouda (D:4)
  Natasha (twice) (D:4)
  4 orc wizards (D:6)
  4 adders
  3 gnolls (D:4)
  2 worms (D:2)
  A dart slug (D:2)
  18 orcs
  6 endoplasms
  A giant cockroach (D:1)
  5 goblins
  10 hobgoblins
  3 jackals (D:2)
  5 kobolds
  4 quokkas
  4 ball pythons
  3 bats
  A frilled lizard (D:2)
93 creatures vanquished.

Notes
Turn   | Place    | Note
-------+----------+-------------------------------------------
     0 | D:1      | lunkers the Meteoran Wanderer began the quest for the Orb.
     0 | D:1      | lunkers set off with the following items: a +0 club, a
                  | potion of attraction, a +0 buckler, a potion of berserk
                  | rage, a +2 scale mail.
     0 | D:1      | Reached XP level 1. HP: 16/16 MP: 2/2
    26 | D:1      | Reached skill level 1 in Maces & Flails
    43 | D:1      | Reached XP level 2. HP: 19/23 MP: 3/3
   235 | D:1      | Found a faded altar of an unknown god.
   372 | D:1      | Reached XP level 3. HP: 28/28 MP: 4/4
   482 | D:1      | Glimpsed the power of Zot.
   644 | D:2      | Reached skill level 1 in Short Blades
   644 | D:2      | Reached XP level 4. HP: 23/35 MP: 5/5
   801 | D:3      | Noticed a bullfrog
   805 | D:3      | Reached skill level 2 in Short Blades
   823 | D:3      | Killed a bullfrog
   824 | D:3      | Reached skill level 3 in Short Blades
   824 | D:3      | Reached XP level 5. HP: 38/40 MP: 6/6
  1115 | D:3      | Found an ancient bone altar of Kikubaaqudgha.
  1160 | D:4      | Noticed Natasha
  1164 | D:4      | Reached skill level 4 in Short Blades
  1164 | D:4      | Reached XP level 6. HP: 47/47 MP: 7/7
  1168 | D:4      | Killed Natasha
  1396 | D:4      | Noticed Natasha
  1434 | D:4      | Reached skill level 5 in Short Blades
  1441 | D:4      | Killed Natasha
  1514 | D:5      | Entered Level 5 of the Dungeon
  1539 | D:5      | Reached skill level 6 in Short Blades
  1539 | D:5      | Reached XP level 7. HP: 38/52 MP: 8/8
  1548 | D:5      | Noticed a water moccasin
  1568 | D:5      | Killed a water moccasin
  1606 | D:5      | Found Umairgh's General Store.
  1653 | D:5      | Reached skill level 7 in Short Blades
  1686 | D:5      | Reached XP level 8. HP: 55/59 MP: 9/9
  1725 | D:5      | Identified the +5 sling of Eternal Vigilance {antimagic,
                  | Will+}
  1845 | D:6      | Reached skill level 8 in Short Blades
  2568 | D:6      | Reached skill level 5 in Fighting
  2572 | D:6      | Gained mutation: You passively map the area around you.
                  | [Meteoran growth]
  2572 | D:6      | Reached XP level 9. HP: 49/74 MP: 5/10
  2771 | D:7      | Noticed Joseph
  2846 | D:7      | HP: 3/74 [Joseph/+0 quarterstaff (3)]
  2855 | D:7      | Mangled by Joseph

Illustrated notes

Levels and vault maps discovered:
D:1:      tarquinn_simple_flora_water_f, layout_basic,
          hellmonk_ecumenical_altar_inner_sanctum, amethyst_killhole
D:2:      layout_rooms, serial_glass, glass_columns_b, glass_columns_c,
          glass_columns_b, glass_columns_b
D:3:      layout_basic, kiku_gazebo_pond_becter
D:4:      layout_basic, uniq_natasha
D:5:      layout_loops_ring, grunt_gozag_statues, portal_sewer_entry_b,
          serial_shops, nicolae_shop_tiny_glass, small_statue_intersection,
          uniq_crazy_yiuf_cottage
D:6:      layout_basic
D:7:      layout_gridville, minmay_temple_entry_proselytizer, serial_glass,
          glass_columns_c, glass_columns_a, uniq_joseph

Skill      XL: |  1  2  3  4  5  6  7  8 |
---------------+-------------------------+-----
Maces & Flails | 1 3 |  3.8
Short Blades   | 1 3 4 6 7 8 |  8.5
Fighting       | 5 |  5.2
Armour         | 4 |  4.3
Dodging        | 3 |  3.2
Stealth        | |  1.0
Shields        | |  3.6

Action                     |  1- 3 |  4- 6 |  7- 9 || total
---------------------------+-------+-------+-------++-------
  Melee: Club              |   119 |       |       ||   119
         Short sword       |    16 |   166 |   221 ||   403
    Use: Potion            |       |     1 |     6 ||     7
 Armour: Scale mail        |    57 |    71 |    60 ||   188
  Dodge: Dodged            |    51 |    42 |    55 ||   148
  Block: Buckler           |    29 |    25 |    48 ||   102

Table legend: (Time is in decaauts)
 A = Elapsed time spent in this place.
 B = Non-inter-level travel time spent in this place.
 C = Inter-level travel time spent in this place.
 D = Time resting spent in this place.
 E = Time spent auto-exploring this place.
 F = Levels seen in this place.
 G = Mean time per level.
                   A        B        C        D        E       F      G
               +--------+--------+--------+--------+--------+-----+--------+
         Total |   2799 |   2755 |     44 |      0 |   1866 |   7 |  399.9 |
       Dungeon |   2799 |   2755 |     44 |      0 |   1866 |   7 |  399.9 |
               +--------+--------+--------+--------+--------+-----+--------+

Top non-repeatable levels by time:
     D:6: 854 daAuts
     D:1: 508 daAuts
     D:4: 379 daAuts
     D:3: 376 daAuts
     D:2: 269 daAuts
     D:5: 238 daAuts
     D:7: 172 daAuts
